[ PARTIDA AOE2 · #461411163 ]
Team RMChinos vs Bulgarians
[ ANÁLISIS DE REPETICIÓN · EXTRAÍDO DE LA PARTIDA GRABADA ]
Feudal
15:24
Castillos
28:38
Imperial
37:04
| APM promedio | 8.4 |
| APM pico | 33 |
| eAPM promedio | 6.7 |
| Aldeanos / militares | 88 / 282 |
Foco
⚔️ 42.2% · 🌾 57.8%
Chu Ko Nu ×142 · Militia ×72 · Fire Lancer ×30 · Trade Cart ×14 · Iron Pagoda ×14 · Scorpion ×10
Feudal
14:51
Castillos
27:18
Imperial
36:30
| APM promedio | 19.5 |
| APM pico | 116 |
| eAPM promedio | 18.1 |
| Aldeanos / militares | 85 / 94 |
Foco
⚔️ 9.3% · 🌾 90.7%
Spearman ×35 · Militia ×33 · Centurion ×17 · Trade Cart ×17 · Trebuchet (Packed) ×9
Feudal
10:36
Castillos
16:26
Imperial
31:04
| APM promedio | 7.8 |
| APM pico | 33 |
| eAPM promedio | 5.4 |
| Aldeanos / militares | 95 / 66 |
Foco
⚔️ 20.7% · 🌾 79.3%
Archer ×40 · War Elephant ×21 · Bombard Cannon ×5 · Trade Cart ×4
Feudal
13:55
Castillos
23:02
Imperial
33:42
| APM promedio | 16.3 |
| APM pico | 49 |
| eAPM promedio | 9.6 |
| Aldeanos / militares | 80 / 266 |
Foco
⚔️ 33.1% · 🌾 66.9%
Konnik ×144 · Militia ×96 · Cavalry Archer ×19 · Trade Cart ×18 · Monk ×4 · Trebuchet (Packed) ×3
Feudal
13:20
Castillos
31:27
Imperial
40:28
| APM promedio | 9.9 |
| APM pico | 49 |
| eAPM promedio | 8.2 |
| Aldeanos / militares | 66 / 253 |
Foco
⚔️ 35.1% · 🌾 64.9%
Huskarl ×215 · Hand Cannoneer ×33 · Trade Cart ×8 · Trebuchet (Packed) ×4 · Cavalry Archer ×1
Feudal
10:51
Castillos
21:54
Imperial
33:25
| APM promedio | 26.3 |
| APM pico | 63 |
| eAPM promedio | 15.8 |
| Aldeanos / militares | 110 / 349 |
Foco
⚔️ 53.2% · 🌾 46.8%
Spearman ×143 · Scout Cavalry ×130 · Trebuchet (Packed) ×25 · Trade Cart ×24 · Scorpion ×24 · Mangonel ×13
Mapa de la partida
Recursos iniciales + cada clic de construcción. Líneas = muros · curvas = relieve. ◆ oro · ⬟ piedra · ● bayas · ✦ reliquia · ◌ hueco del cierre
Tu base· Abierta — flanco sin cerrar
Base de sotimeyang· Abierta — flanco sin cerrar
Base de cbeck7· Abierta — flanco sin cerrar
Base de Lyuboslav1· Abierta — flanco sin cerrar
Base de Chotis_Tloupro· Abierta — flanco sin cerrar
Base de -Nv.~|Annier^^!|· Abierta — flanco sin cerrar
Terreno inicial suavizado · ◌ = hueco del cierre detectado · pasá el cursor para detalles
Inputs por minuto
— Cartman Pousse - - sotimeyang
Build order — Cartman Pousse
Primeras 150 de 349 acciones detectadas
| 0:08 | Construir | House |
| 0:09 | Construir | House |
| 0:20 | Investigar | Loom |
| 1:25 | Construir | House |
| 1:42 | Crear | Villager (Male) |
| 2:02 | Construir | Lumber Camp |
| 2:46 | Crear | Villager (Male) |
| 3:05 | Crear | Villager (Male) |
| 3:40 | Crear | Villager (Male) |
| 4:17 | Construir | Mill |
| 4:21 | Crear | Villager (Male) |
| 4:48 | Crear | Villager (Male) |
| 5:21 | Crear | Villager (Male) |
| 5:22 | Crear | Villager (Male) |
| 5:47 | Crear | Villager (Male) |
| 6:17 | Crear | Villager (Male) |
| 6:45 | Crear | Villager (Male) |
| 7:23 | Crear | Villager (Male) |
| 7:23 | Crear | Villager (Male) |
| 7:34 | Construir | House |
| 7:36 | Construir | House |
| 7:37 | Construir | House |
| 7:41 | Construir | Barracks |
| 7:53 | Crear | Villager (Male) |
| 8:22 | Crear | Villager (Male) |
| 8:24 | Crear | Villager (Male) |
| 8:57 | Crear | Villager (Male) |
| 9:08 | Construir | Farm |
| 9:23 | Construir | Farm |
| 9:33 | Crear | Villager (Male) |
| 9:40 | Construir | Mining Camp |
| 9:52 | Construir | Farm |
| 10:12 | Construir | Mining Camp |
| 10:31 | Crear | Villager (Male) |
| 10:45 | Crear | Villager (Male) |
| 10:45 | Crear | Villager (Male) |
| 11:23 | Construir | Farm |
| 11:32 | Construir | Farm |
| 11:48 | Construir | Farm |
| 11:56 | Construir | Lumber Camp |
| 13:14 | Investigar | Feudal Age |
| 13:52 | Crear | Militia |
| 13:53 | Crear | Militia |
| 14:38 | Construir | Farm |
| 14:44 | Construir | Farm |
| 14:58 | Crear | Militia |
| 15:00 | Crear | Militia |
| 15:02 | Crear | Militia |
| 15:07 | Crear | Villager (Male) |
| 15:18 | Crear | Villager (Male) |
| 15:24 | Edad | Edad Feudal |
| 15:40 | Investigar | Horse Collar |
| 16:08 | Crear | Villager (Male) |
| 16:10 | Crear | Villager (Male) |
| 16:31 | Construir | Farm |
| 16:38 | Investigar | Man-at-Arms (upgrade) |
| 16:50 | Construir | Farm |
| 16:52 | Crear | Villager (Male) |
| 17:20 | Construir | Farm |
| 17:23 | Crear | Villager (Male) |
| 17:28 | Crear | Villager (Male) |
| 17:28 | Crear | Villager (Male) |
| 17:40 | Construir | House |
| 17:42 | Construir | House |
| 17:43 | Construir | House |
| 17:44 | Construir | House |
| 17:46 | Construir | House |
| 17:48 | Construir | House |
| 17:57 | Investigar | Double-Bit Axe |
| 18:14 | Crear | Villager (Male) |
| 18:14 | Crear | Villager (Male) |
| 18:22 | Crear | Militia |
| 18:34 | Crear | Militia |
| 18:56 | Crear | Villager (Male) |
| 18:57 | Crear | Villager (Male) |
| 19:20 | Construir | Blacksmith |
| 19:56 | Construir | Stone Wall |
| 20:05 | Construir | Stone Wall |
| 20:18 | Construir | Barracks |
| 20:22 | Construir | Archery Range |
| 20:24 | Construir | Archery Range |
| 20:28 | Construir | Stable |
| 20:31 | Construir | Stable |
| 20:39 | Investigar | Wheelbarrow |
| 20:41 | Crear | Villager (Male) |
| 20:41 | Crear | Villager (Male) |
| 20:42 | Crear | Villager (Male) |
| 20:42 | Crear | Villager (Male) |
| 20:43 | Crear | Villager (Male) |
| 20:55 | Construir | Farm |
| 20:57 | Construir | Farm |
| 20:58 | Construir | Farm |
| 21:55 | Investigar | Forging |
| 22:38 | Construir | Market |
| 22:56 | Construir | Mining Camp |
| 23:17 | Construir | Farm |
| 24:11 | Construir | Farm |
| 24:19 | Construir | Mining Camp |
| 24:25 | Construir | Farm |
| 24:49 | Construir | Stone Wall |
| 25:01 | Construir | Mining Camp |
| 25:18 | Construir | Gate |
| 25:53 | Crear | Trade Cart ×5 |
| 25:58 | Investigar | Castle Age |
| 26:19 | Construir | Lumber Camp |
| 26:46 | Crear | Skirmisher ×5 |
| 26:55 | Crear | Militia ×5 |
| 27:16 | Construir | Stone Wall |
| 27:28 | Construir | Stone Wall |
| 27:39 | Construir | Stone Wall |
| 27:46 | Construir | Gate |
| 28:18 | Crear | Villager (Male) ×5 |
| 28:38 | Edad | Edad de los Castillos |
| 28:42 | Construir | Town Center |
| 29:33 | Investigar | Bow Saw |
| 29:38 | Investigar | Heavy Plow |
| 29:44 | Crear | Villager (Male) |
| 29:44 | Crear | Villager (Male) |
| 29:45 | Crear | Villager (Male) |
| 29:45 | Crear | Villager (Male) |
| 29:46 | Crear | Villager (Male) |
| 29:46 | Crear | Villager (Male) |
| 29:47 | Crear | Villager (Male) |
| 29:47 | Crear | Villager (Male) |
| 29:47 | Crear | Villager (Male) |
| 29:48 | Crear | Villager (Male) |
| 30:05 | Crear | Villager (Male) |
| 30:05 | Crear | Villager (Male) |
| 30:06 | Crear | Villager (Male) |
| 30:11 | Investigar | Gold Mining |
| 30:15 | Investigar | Stone Mining |
| 30:29 | Construir | Castle |
| 30:40 | Investigar | Long Swordsman (upgrade) |
| 31:40 | Construir | House |
| 31:41 | Construir | House |
| 31:43 | Construir | House |
| 31:44 | Construir | House |
| 31:46 | Construir | House |
| 31:48 | Construir | House |
| 31:50 | Construir | House |
| 31:51 | Construir | House |
| 31:55 | Construir | House |
| 32:02 | Investigar | Hand Cart |
| 32:50 | Construir | Siege Workshop |
| 32:52 | Construir | Siege Workshop |
| 32:57 | Investigar | Great Wall |
| 32:58 | Crear | Chu Ko Nu ×5 |
| 33:12 | Construir | Farm |
| 33:23 | Investigar | Imperial Age |
| 33:43 | Investigar | Caravan |
Build order — sotimeyang
Primeras 150 de 378 acciones detectadas
| 0:03 | Crear | Villager (Male) ×4 |
| 0:07 | Construir | House |
| 1:33 | Construir | House |
| 1:40 | Crear | Villager (Male) |
| 1:47 | Investigar | Loom |
| 2:04 | Crear | Villager (Male) |
| 2:23 | Construir | House |
| 2:41 | Crear | Villager (Male) |
| 3:16 | Crear | Villager (Male) |
| 3:47 | Crear | Villager (Male) |
| 4:30 | Crear | Villager (Male) |
| 5:21 | Crear | Villager (Male) ×2 |
| 5:37 | Crear | Villager (Male) |
| 6:02 | Construir | House |
| 6:07 | Crear | Villager (Male) |
| 6:34 | Crear | Villager (Male) |
| 6:47 | Crear | Villager (Male) |
| 7:19 | Crear | Villager (Male) |
| 7:36 | Construir | House |
| 7:41 | Construir | House |
| 7:50 | Crear | Villager (Male) ×2 |
| 8:03 | Construir | Mill |
| 8:35 | Construir | Lumber Camp |
| 10:11 | Crear | Villager (Male) ×6 |
| 11:37 | Construir | Mining Camp |
| 11:59 | Construir | Mining Camp |
| 12:12 | Investigar | Feudal Age |
| 12:41 | Construir | Mining Camp |
| 12:58 | Construir | Lumber Camp |
| 13:14 | Construir | Lumber Camp |
| 13:36 | Construir | Mining Camp |
| 13:50 | Construir | Lumber Camp |
| 14:04 | Construir | Lumber Camp |
| 14:19 | Construir | Lumber Camp |
| 14:51 | Edad | Edad Feudal |
| 14:54 | Construir | Barracks |
| 14:59 | Investigar | Wheelbarrow |
| 15:04 | Investigar | Horse Collar |
| 15:11 | Investigar | Double-Bit Axe |
| 16:19 | Investigar | Gold Mining |
| 16:51 | Investigar | Stone Mining |
| 17:10 | Construir | Farm |
| 17:10 | Construir | Farm |
| 17:10 | Construir | Farm |
| 17:10 | Construir | Farm |
| 17:10 | Construir | Farm |
| 17:10 | Construir | Farm |
| 17:10 | Construir | Farm |
| 17:10 | Construir | Farm |
| 17:10 | Construir | Farm |
| 17:10 | Construir | Farm |
| 17:10 | Construir | Farm |
| 17:10 | Construir | Farm |
| 17:10 | Construir | Farm |
| 17:10 | Construir | Farm |
| 17:10 | Construir | Farm |
| 17:10 | Construir | Farm |
| 17:10 | Construir | Farm |
| 17:11 | Construir | Farm |
| 17:11 | Construir | Farm |
| 17:11 | Construir | Farm |
| 17:11 | Construir | Farm |
| 17:15 | Construir | Farm |
| 17:15 | Construir | Farm |
| 17:15 | Construir | Farm |
| 17:15 | Construir | Farm |
| 17:15 | Construir | Farm |
| 17:15 | Construir | Farm |
| 17:15 | Construir | Farm |
| 17:15 | Construir | Farm |
| 17:15 | Construir | Farm |
| 17:15 | Construir | Farm |
| 17:15 | Construir | Farm |
| 17:16 | Construir | Farm |
| 17:16 | Construir | Farm |
| 17:16 | Construir | Farm |
| 17:16 | Construir | Farm |
| 17:16 | Construir | Farm |
| 17:16 | Construir | Farm |
| 17:16 | Construir | Farm |
| 17:16 | Construir | Farm |
| 17:16 | Construir | Farm |
| 17:16 | Construir | Farm |
| 17:16 | Crear | Villager (Male) |
| 17:17 | Construir | Farm |
| 17:17 | Construir | Farm |
| 17:17 | Construir | Farm |
| 17:17 | Construir | Farm |
| 17:17 | Construir | Farm |
| 17:17 | Construir | Farm |
| 17:17 | Construir | Farm |
| 17:17 | Construir | Farm |
| 17:17 | Construir | Farm |
| 17:17 | Construir | Farm |
| 17:17 | Construir | Farm |
| 17:17 | Construir | Farm |
| 17:17 | Construir | Farm |
| 17:17 | Construir | Farm |
| 17:18 | Construir | Farm |
| 17:18 | Construir | Farm |
| 17:18 | Construir | Farm |
| 17:18 | Construir | Farm |
| 17:18 | Construir | Farm |
| 17:18 | Construir | Farm |
| 17:18 | Construir | Farm |
| 17:18 | Construir | Farm |
| 17:18 | Construir | Farm |
| 17:18 | Construir | Farm |
| 17:18 | Construir | Farm |
| 17:55 | Construir | Farm |
| 17:55 | Construir | Farm |
| 17:55 | Construir | Farm |
| 17:55 | Construir | Farm |
| 17:55 | Construir | Farm |
| 17:55 | Construir | Farm |
| 17:55 | Construir | Farm |
| 17:55 | Construir | Farm |
| 17:56 | Construir | Farm |
| 17:56 | Construir | Farm |
| 17:56 | Construir | Farm |
| 17:56 | Construir | Farm |
| 17:56 | Construir | Farm |
| 17:56 | Construir | Farm |
| 17:56 | Construir | House |
| 18:02 | Construir | House |
| 18:08 | Construir | House |
| 18:13 | Construir | House |
| 18:20 | Investigar | Town Watch |
| 18:32 | Crear | Villager (Male) |
| 18:48 | Crear | Villager (Male) |
| 18:49 | Construir | Farm |
| 18:49 | Construir | Farm |
| 18:49 | Construir | Farm |
| 18:49 | Construir | Farm |
| 18:49 | Construir | Farm |
| 19:01 | Construir | Farm |
| 19:01 | Construir | Farm |
| 19:01 | Construir | Farm |
| 19:01 | Construir | Farm |
| 19:01 | Construir | Farm |
| 19:01 | Construir | Farm |
| 19:01 | Construir | Farm |
| 19:01 | Construir | Farm |
| 19:01 | Construir | Farm |
| 19:01 | Construir | Farm |
| 19:01 | Construir | Farm |
| 19:15 | Crear | Villager (Male) |
| 19:20 | Crear | Villager (Male) |
| 19:36 | Construir | Farm |
| 19:36 | Construir | Farm |
Build order — cbeck7
Primeras 150 de 226 acciones detectadas
| 0:10 | Construir | House |
| 0:18 | Construir | House |
| 0:21 | Crear | Villager (Male) ×5 |
| 2:03 | Crear | Villager (Male) |
| 2:04 | Investigar | Loom |
| 2:19 | Crear | Villager (Male) |
| 2:39 | Construir | Lumber Camp |
| 2:46 | Crear | Villager (Male) |
| 3:31 | Crear | Villager (Male) |
| 3:32 | Crear | Villager (Male) |
| 3:39 | Construir | Mill |
| 3:59 | Construir | House |
| 4:15 | Crear | Villager (Male) |
| 4:37 | Crear | Villager (Male) |
| 5:02 | Crear | Villager (Male) |
| 5:38 | Crear | Villager (Male) |
| 6:01 | Construir | House |
| 6:26 | Crear | Villager (Male) |
| 6:27 | Crear | Villager (Male) |
| 6:30 | Crear | Villager (Male) |
| 6:31 | Crear | Villager (Male) |
| 7:24 | Construir | Mining Camp |
| 7:37 | Crear | Villager (Male) |
| 8:32 | Investigar | Feudal Age |
| 10:36 | Edad | Edad Feudal |
| 10:38 | Crear | Villager (Male) |
| 10:38 | Crear | Villager (Male) |
| 10:39 | Crear | Villager (Male) |
| 11:15 | Construir | Blacksmith |
| 11:20 | Construir | Market |
| 12:09 | Construir | Farm |
| 12:09 | Construir | Farm |
| 12:18 | Construir | Farm |
| 12:18 | Construir | Farm |
| 12:27 | Crear | Villager (Male) |
| 12:39 | Construir | House |
| 13:29 | Construir | Barracks |
| 13:39 | Construir | Farm |
| 14:01 | Investigar | Castle Age |
| 14:51 | Construir | Mining Camp |
| 14:57 | Investigar | Wheelbarrow |
| 15:25 | Construir | Farm |
| 15:26 | Construir | Farm |
| 15:26 | Construir | Farm |
| 15:27 | Construir | Farm |
| 15:28 | Construir | Farm |
| 15:46 | Crear | Villager (Male) |
| 15:47 | Crear | Villager (Male) |
| 15:48 | Crear | Villager (Male) |
| 15:56 | Investigar | Stone Mining |
| 16:26 | Edad | Edad de los Castillos |
| 16:58 | Construir | Archery Range |
| 17:24 | Investigar | Double-Bit Axe |
| 18:34 | Crear | Trade Cart |
| 18:56 | Crear | Villager (Male) |
| 18:56 | Crear | Villager (Male) |
| 19:40 | Construir | Town Center |
| 19:59 | Crear | Villager (Male) |
| 19:59 | Crear | Villager (Male) |
| 20:37 | Construir | House |
| 20:51 | Crear | Villager (Male) |
| 20:51 | Crear | Villager (Male) |
| 22:19 | Crear | Villager (Male) |
| 22:20 | Crear | Villager (Male) |
| 22:20 | Crear | Villager (Male) |
| 22:42 | Construir | Castle |
| 24:04 | Investigar | Hand Cart |
| 24:05 | Crear | Villager (Male) |
| 24:05 | Crear | Villager (Male) |
| 24:12 | Crear | Villager (Male) |
| 24:12 | Crear | Villager (Male) |
| 24:12 | Crear | Villager (Male) |
| 24:36 | Construir | Siege Workshop |
| 24:48 | Crear | War Elephant |
| 24:51 | Crear | War Elephant |
| 25:16 | Crear | Trade Cart |
| 25:23 | Crear | Villager (Male) |
| 25:24 | Crear | Villager (Male) |
| 25:43 | Construir | Lumber Camp |
| 26:16 | Construir | House |
| 26:23 | Construir | House |
| 26:26 | Construir | House |
| 26:30 | Construir | House |
| 26:35 | Crear | Villager (Male) |
| 26:36 | Crear | Villager (Male) |
| 26:36 | Crear | Villager (Male) |
| 27:05 | Construir | House |
| 27:06 | Construir | House |
| 27:08 | Construir | House |
| 27:22 | Construir | Farm |
| 27:27 | Construir | Farm |
| 27:40 | Construir | Farm |
| 27:42 | Construir | Farm |
| 27:43 | Construir | Farm |
| 27:51 | Construir | Farm |
| 27:57 | Crear | Villager (Male) |
| 28:09 | Investigar | Imperial Age |
| 28:29 | Construir | Farm |
| 29:01 | Construir | Farm |
| 29:02 | Construir | Farm |
| 29:03 | Construir | Farm |
| 29:04 | Construir | Farm |
| 30:01 | Investigar | Kamandaran |
| 30:13 | Investigar | Crossbowman (upgrade) |
| 30:25 | Crear | Villager (Male) |
| 30:26 | Crear | Villager (Male) |
| 30:26 | Crear | Villager (Male) |
| 30:31 | Crear | Villager (Male) |
| 30:31 | Crear | Villager (Male) |
| 30:32 | Crear | Villager (Male) |
| 30:58 | Construir | Farm |
| 31:04 | Edad | Edad Imperial |
| 31:11 | Crear | Archer ×5 |
| 31:12 | Crear | Archer ×5 |
| 31:13 | Crear | Archer ×5 |
| 31:19 | Investigar | Conscription |
| 31:22 | Crear | War Elephant |
| 31:30 | Construir | Farm |
| 31:33 | Crear | Villager (Male) |
| 31:41 | Construir | Farm |
| 31:49 | Construir | Farm |
| 31:52 | Crear | Trade Cart |
| 31:54 | Crear | Trade Cart |
| 32:01 | Construir | Farm |
| 32:03 | Crear | Villager (Male) |
| 32:04 | Crear | Villager (Male) |
| 32:13 | Construir | Farm |
| 32:19 | Crear | Villager (Male) |
| 32:26 | Construir | Farm |
| 32:35 | Construir | Farm |
| 32:38 | Investigar | Horse Collar |
| 32:43 | Crear | War Elephant |
| 32:44 | Crear | War Elephant |
| 32:45 | Crear | War Elephant |
| 32:53 | Construir | Farm |
| 32:56 | Crear | Villager (Male) |
| 32:56 | Crear | Villager (Male) |
| 33:03 | Construir | Farm |
| 33:19 | Investigar | Scale Barding Armor |
| 33:27 | Crear | Villager (Male) |
| 33:34 | Construir | Farm |
| 33:46 | Construir | Farm |
| 33:51 | Crear | Villager (Male) |
| 33:57 | Construir | Farm |
| 34:01 | Investigar | Heavy Plow |
| 34:05 | Crear | Villager (Male) |
| 34:11 | Investigar | Chain Barding Armor |
| 34:13 | Investigar | Forging |
| 34:27 | Construir | Farm |
| 34:30 | Crear | Villager (Male) |
Build order — Lyuboslav1
Primeras 150 de 325 acciones detectadas
| 0:01 | Crear | Villager (Male) |
| 0:01 | Crear | Villager (Male) |
| 0:02 | Crear | Villager (Male) |
| 0:02 | Crear | Villager (Male) |
| 0:02 | Crear | Villager (Male) |
| 0:05 | Construir | House |
| 0:07 | Construir | House |
| 0:09 | Construir | House |
| 0:10 | Construir | House |
| 1:44 | Crear | Villager (Male) |
| 2:56 | Crear | Villager (Male) |
| 2:56 | Crear | Villager (Male) |
| 3:17 | Crear | Villager (Male) |
| 3:17 | Crear | Villager (Male) |
| 4:14 | Crear | Villager (Male) |
| 4:14 | Crear | Villager (Male) |
| 4:14 | Crear | Villager (Male) |
| 4:15 | Crear | Villager (Male) |
| 4:50 | Crear | Villager (Male) |
| 4:50 | Crear | Villager (Male) |
| 5:10 | Crear | Villager (Male) |
| 5:10 | Crear | Villager (Male) |
| 5:10 | Crear | Villager (Male) |
| 6:04 | Crear | Villager (Male) |
| 6:04 | Crear | Villager (Male) |
| 6:05 | Crear | Villager (Male) |
| 6:05 | Crear | Villager (Male) |
| 6:44 | Construir | Lumber Camp |
| 7:00 | Construir | Mill |
| 8:07 | Crear | Villager (Male) |
| 8:08 | Crear | Villager (Male) |
| 8:08 | Crear | Villager (Male) |
| 8:55 | Crear | Villager (Male) |
| 8:55 | Crear | Villager (Male) |
| 8:56 | Crear | Villager (Male) |
| 8:56 | Crear | Villager (Male) |
| 10:22 | Investigar | Loom |
| 11:45 | Investigar | Feudal Age |
| 13:55 | Edad | Edad Feudal |
| 14:02 | Construir | House |
| 14:04 | Construir | House |
| 14:06 | Construir | House |
| 14:07 | Construir | House |
| 14:20 | Investigar | Double-Bit Axe |
| 14:23 | Investigar | Horse Collar |
| 14:28 | Crear | Villager (Male) |
| 14:28 | Crear | Villager (Male) |
| 14:29 | Crear | Villager (Male) |
| 14:29 | Crear | Villager (Male) |
| 15:13 | Construir | Farm |
| 15:13 | Construir | Farm |
| 15:14 | Construir | Farm |
| 15:15 | Construir | Farm |
| 15:15 | Construir | Farm |
| 15:16 | Construir | Farm |
| 15:17 | Construir | Farm |
| 15:18 | Construir | Farm |
| 15:20 | Construir | Farm |
| 15:20 | Construir | Farm |
| 15:22 | Construir | Farm |
| 15:23 | Construir | Farm |
| 15:24 | Construir | Farm |
| 15:25 | Construir | Farm |
| 16:22 | Construir | Farm |
| 16:37 | Crear | Villager (Male) |
| 16:37 | Crear | Villager (Male) |
| 16:38 | Crear | Villager (Male) |
| 16:39 | Crear | Villager (Male) |
| 16:39 | Crear | Villager (Male) |
| 16:39 | Crear | Villager (Male) |
| 17:12 | Construir | Mining Camp |
| 17:35 | Construir | Market |
| 18:01 | Crear | Villager (Male) |
| 18:01 | Crear | Villager (Male) |
| 18:01 | Crear | Villager (Male) |
| 18:05 | Construir | Blacksmith |
| 18:14 | Crear | Villager (Male) |
| 18:14 | Crear | Villager (Male) |
| 19:14 | Crear | Villager (Male) |
| 19:15 | Crear | Villager (Male) |
| 19:15 | Crear | Villager (Male) |
| 19:25 | Construir | Mining Camp |
| 20:09 | Investigar | Castle Age |
| 20:29 | Construir | House |
| 20:32 | Construir | House |
| 20:33 | Construir | House |
| 20:34 | Construir | House |
| 20:35 | Construir | House |
| 20:36 | Construir | House |
| 20:37 | Construir | House |
| 20:38 | Construir | House |
| 20:39 | Construir | House |
| 20:39 | Construir | House |
| 20:40 | Construir | House |
| 20:41 | Construir | House |
| 20:42 | Construir | House |
| 20:44 | Construir | House |
| 20:45 | Construir | House |
| 20:47 | Construir | House |
| 21:31 | Construir | Barracks |
| 21:45 | Crear | Villager (Male) |
| 21:46 | Crear | Villager (Male) |
| 21:46 | Crear | Villager (Male) |
| 21:46 | Crear | Villager (Male) |
| 21:47 | Crear | Villager (Male) |
| 21:48 | Crear | Villager (Male) |
| 22:44 | Construir | Stable |
| 23:02 | Edad | Edad de los Castillos |
| 23:03 | Investigar | Bow Saw |
| 23:03 | Investigar | Bow Saw |
| 23:04 | Investigar | Heavy Plow |
| 23:08 | Investigar | Gold Mining |
| 23:12 | Investigar | Stone Mining |
| 24:01 | Construir | Archery Range |
| 24:33 | Investigar | Caravan |
| 24:35 | Crear | Trade Cart |
| 24:36 | Crear | Trade Cart |
| 24:36 | Crear | Trade Cart |
| 24:36 | Crear | Trade Cart |
| 24:37 | Crear | Trade Cart |
| 24:52 | Crear | Villager (Male) |
| 24:52 | Crear | Villager (Male) |
| 24:52 | Crear | Villager (Male) |
| 25:32 | Construir | Krepost |
| 26:10 | Crear | Villager (Male) |
| 26:10 | Crear | Villager (Male) |
| 26:11 | Crear | Villager (Male) |
| 26:55 | Crear | Villager (Male) |
| 27:11 | Construir | House |
| 27:22 | Construir | Monastery |
| 27:27 | Investigar | Forging |
| 27:27 | Investigar | Scale Barding Armor |
| 27:41 | Crear | Villager (Male) |
| 27:41 | Crear | Villager (Male) |
| 27:41 | Crear | Villager (Male) |
| 27:42 | Crear | Villager (Male) |
| 27:43 | Crear | Villager (Male) |
| 28:02 | Investigar | Husbandry |
| 28:02 | Investigar | Bloodlines |
| 28:51 | Construir | Castle |
| 28:59 | Construir | University |
| 29:48 | Construir | Mining Camp |
| 29:51 | Construir | Mining Camp |
| 30:08 | Construir | Barracks |
| 30:14 | Construir | Barracks |
| 30:32 | Investigar | Imperial Age |
| 30:42 | Construir | Farm |
| 31:15 | Crear | Konnik |
| 31:16 | Crear | Konnik |
| 31:16 | Crear | Konnik |
Build order — Chotis_Tloupro
Primeras 150 de 295 acciones detectadas
| 0:12 | Crear | Villager (Male) |
| 2:27 | Construir | House |
| 3:15 | Construir | House |
| 3:43 | Crear | Villager (Male) ×6 |
| 3:43 | Crear | Villager (Male) |
| 3:55 | Construir | Mill |
| 4:44 | Crear | Villager (Male) |
| 4:45 | Crear | Villager (Male) |
| 4:46 | Crear | Villager (Male) |
| 5:23 | Crear | Villager (Male) |
| 5:50 | Crear | Villager (Male) |
| 10:03 | Construir | Lumber Camp |
| 11:10 | Investigar | Feudal Age |
| 12:59 | Construir | House |
| 13:06 | Crear | Villager (Male) |
| 13:07 | Crear | Villager (Male) |
| 13:07 | Crear | Villager (Male) |
| 13:07 | Crear | Villager (Male) |
| 13:07 | Crear | Villager (Male) |
| 13:20 | Edad | Edad Feudal |
| 14:11 | Construir | Barracks |
| 14:32 | Construir | House |
| 14:43 | Construir | Farm |
| 14:48 | Construir | Farm |
| 15:17 | Construir | Farm |
| 15:37 | Crear | Villager (Male) |
| 15:37 | Crear | Villager (Male) |
| 15:37 | Crear | Villager (Male) |
| 15:38 | Crear | Villager (Male) |
| 15:38 | Crear | Villager (Male) |
| 16:01 | Construir | Farm |
| 16:44 | Construir | Palisade Wall |
| 16:59 | Construir | Palisade Wall |
| 17:09 | Construir | Farm |
| 17:14 | Construir | Farm |
| 18:19 | Construir | Mining Camp |
| 18:59 | Construir | Farm |
| 19:14 | Construir | Palisade Wall |
| 19:15 | Construir | Palisade Wall |
| 19:26 | Crear | Villager (Male) |
| 19:36 | Construir | House |
| 19:38 | Construir | House |
| 19:43 | Construir | House |
| 19:54 | Investigar | Man-at-Arms (upgrade) |
| 20:07 | Construir | Farm |
| 20:23 | Construir | Palisade Wall |
| 20:26 | Construir | Palisade Wall |
| 21:19 | Construir | Blacksmith |
| 21:35 | Construir | Farm |
| 21:38 | Investigar | Double-Bit Axe |
| 21:58 | Crear | Villager (Male) ×15 |
| 22:13 | Construir | House |
| 22:49 | Investigar | Forging |
| 22:56 | Investigar | Scale Mail Armor |
| 23:22 | Construir | Archery Range |
| 23:36 | Construir | Farm |
| 23:42 | Construir | Farm |
| 24:03 | Construir | House |
| 24:08 | Construir | House |
| 24:10 | Construir | House |
| 24:31 | Construir | House |
| 24:32 | Construir | House |
| 24:37 | Construir | Farm |
| 24:41 | Construir | Farm |
| 25:05 | Construir | Lumber Camp |
| 25:47 | Construir | Mining Camp |
| 26:39 | Construir | Farm |
| 26:42 | Construir | Farm |
| 26:47 | Construir | Farm |
| 28:05 | Construir | Stable |
| 28:17 | Construir | Farm |
| 28:47 | Investigar | Castle Age |
| 29:09 | Construir | Farm |
| 29:16 | Construir | Farm |
| 29:19 | Investigar | Horse Collar |
| 29:39 | Investigar | Stone Mining |
| 29:44 | Investigar | Gold Mining |
| 31:27 | Edad | Edad de los Castillos |
| 31:52 | Crear | Villager (Male) ×15 |
| 31:52 | Crear | Villager (Male) |
| 31:59 | Investigar | Wheelbarrow |
| 32:07 | Investigar | Loom |
| 32:14 | Investigar | Iron Casting |
| 32:16 | Investigar | Chain Mail Armor |
| 32:50 | Construir | Castle |
| 33:07 | Construir | Farm |
| 33:16 | Construir | Farm |
| 33:19 | Investigar | Heavy Plow |
| 33:26 | Investigar | Bow Saw |
| 33:41 | Investigar | Stone Shaft Mining |
| 35:50 | Construir | Market |
| 36:00 | Investigar | Imperial Age |
| 36:23 | Construir | University |
| 36:36 | Construir | Mill |
| 36:55 | Construir | Farm |
| 37:09 | Crear | Villager (Male) |
| 37:09 | Crear | Villager (Male) |
| 37:09 | Crear | Villager (Male) |
| 37:10 | Crear | Villager (Male) |
| 37:10 | Crear | Villager (Male) |
| 37:11 | Crear | Villager (Male) |
| 37:19 | Crear | Villager (Male) |
| 37:19 | Crear | Villager (Male) |
| 37:19 | Crear | Villager (Male) |
| 37:20 | Crear | Villager (Male) |
| 37:21 | Crear | Villager (Male) |
| 37:23 | Investigar | Hand Cart |
| 38:03 | Construir | Farm |
| 38:55 | Investigar | Anarchy |
| 39:52 | Crear | Huskarl |
| 39:52 | Crear | Huskarl |
| 39:53 | Crear | Huskarl |
| 39:53 | Crear | Huskarl |
| 39:53 | Crear | Huskarl |
| 40:06 | Construir | Farm |
| 40:12 | Construir | Farm |
| 40:17 | Construir | Farm |
| 40:27 | Construir | Farm |
| 40:28 | Edad | Edad Imperial |
| 40:32 | Construir | Farm |
| 41:10 | Construir | Mining Camp |
| 41:34 | Construir | Barracks |
| 41:50 | Crear | Huskarl |
| 41:53 | Investigar | Elite Huskarl (upgrade) |
| 42:09 | Construir | Farm |
| 43:27 | Construir | Castle |
| 43:35 | Crear | Huskarl |
| 43:35 | Crear | Huskarl |
| 43:35 | Crear | Huskarl |
| 43:35 | Crear | Huskarl |
| 43:36 | Crear | Huskarl |
| 43:37 | Crear | Huskarl |
| 43:42 | Investigar | Conscription |
| 43:47 | Crear | Huskarl |
| 43:47 | Crear | Huskarl |
| 43:48 | Crear | Huskarl |
| 43:48 | Crear | Huskarl |
| 43:48 | Crear | Huskarl |
| 43:52 | Crear | Huskarl |
| 43:52 | Crear | Huskarl |
| 43:53 | Crear | Huskarl |
| 43:53 | Crear | Huskarl |
| 43:53 | Crear | Huskarl |
| 43:54 | Crear | Huskarl |
| 44:44 | Crear | Huskarl |
| 44:44 | Crear | Huskarl |
| 44:45 | Crear | Huskarl |
| 44:45 | Crear | Huskarl |
| 44:45 | Crear | Huskarl |
| 44:49 | Crear | Huskarl |
Build order — -Nv.~|Annier^^!|
Primeras 150 de 706 acciones detectadas
| 0:03 | Crear | Villager (Male) |
| 0:21 | Investigar | Loom |
| 0:30 | Construir | House |
| 0:43 | Crear | Villager (Male) |
| 0:44 | Crear | Villager (Male) |
| 0:44 | Crear | Villager (Male) |
| 0:54 | Construir | House |
| 1:11 | Construir | House |
| 1:19 | Crear | Villager (Male) |
| 1:45 | Construir | House |
| 2:27 | Crear | Villager (Male) |
| 2:28 | Crear | Villager (Male) |
| 2:40 | Crear | Villager (Male) |
| 2:40 | Crear | Villager (Male) |
| 3:10 | Crear | Villager (Male) |
| 3:27 | Crear | Villager (Male) |
| 3:46 | Crear | Villager (Male) |
| 4:12 | Crear | Villager (Male) |
| 4:12 | Crear | Villager (Male) |
| 4:45 | Crear | Villager (Male) |
| 4:46 | Crear | Villager (Male) |
| 4:46 | Crear | Villager (Male) |
| 5:09 | Crear | Villager (Male) |
| 5:18 | Construir | Lumber Camp |
| 5:20 | Crear | Villager (Male) |
| 7:03 | Construir | Mill |
| 7:26 | Crear | Villager (Male) |
| 7:27 | Crear | Villager (Male) |
| 7:55 | Crear | Villager (Male) |
| 8:33 | Investigar | Feudal Age |
| 8:34 | Investigar | Feudal Age |
| 10:51 | Edad | Edad Feudal |
| 10:52 | Investigar | Wheelbarrow |
| 10:56 | Investigar | Double-Bit Axe |
| 10:59 | Crear | Villager (Male) |
| 11:00 | Crear | Villager (Male) |
| 11:20 | Construir | House |
| 11:54 | Crear | Villager (Male) |
| 11:55 | Crear | Villager (Male) |
| 12:00 | Crear | Villager (Male) |
| 12:33 | Construir | Stone Wall |
| 12:36 | Construir | Gate |
| 12:44 | Construir | House |
| 12:47 | Crear | Villager (Male) |
| 12:48 | Crear | Villager (Male) |
| 12:54 | Crear | Villager (Male) |
| 12:54 | Crear | Villager (Male) |
| 13:27 | Crear | Villager (Male) |
| 13:36 | Crear | Villager (Male) |
| 13:57 | Crear | Villager (Male) |
| 14:03 | Investigar | Horse Collar |
| 14:35 | Construir | Mining Camp |
| 14:44 | Construir | Mining Camp |
| 14:53 | Construir | Stone Wall |
| 14:57 | Construir | Gate |
| 14:58 | Crear | Villager (Male) |
| 14:59 | Crear | Villager (Male) |
| 15:23 | Construir | Stone Wall |
| 15:30 | Crear | Villager (Male) |
| 15:38 | Construir | House |
| 15:56 | Construir | Farm |
| 16:00 | Construir | Farm |
| 16:01 | Construir | Farm |
| 16:02 | Construir | Farm |
| 16:03 | Construir | Farm |
| 16:04 | Construir | Farm |
| 16:06 | Construir | Farm |
| 16:38 | Construir | Farm |
| 16:40 | Construir | Farm |
| 16:41 | Construir | Farm |
| 16:43 | Construir | Mill |
| 16:48 | Construir | Farm |
| 16:49 | Construir | Farm |
| 16:50 | Crear | Villager (Male) |
| 17:02 | Construir | House |
| 17:15 | Construir | Stone Wall |
| 17:32 | Construir | Stone Wall |
| 17:38 | Construir | Gate |
| 17:52 | Construir | Blacksmith |
| 18:03 | Construir | Market |
| 18:07 | Crear | Villager (Male) |
| 19:14 | Investigar | Castle Age |
| 19:14 | Investigar | Castle Age |
| 19:42 | Construir | House |
| 20:22 | Investigar | Gold Mining |
| 20:30 | Investigar | Stone Mining |
| 20:33 | Construir | House |
| 21:54 | Edad | Edad de los Castillos |
| 21:55 | Investigar | Hand Cart |
| 21:55 | Investigar | Hand Cart |
| 21:58 | Construir | Monastery |
| 22:06 | Construir | Town Center |
| 22:31 | Crear | Monk |
| 22:31 | Crear | Monk |
| 22:44 | Construir | Stone Wall |
| 22:45 | Crear | Villager (Male) |
| 22:46 | Crear | Villager (Male) |
| 22:47 | Crear | Villager (Male) |
| 22:47 | Crear | Villager (Male) |
| 22:48 | Crear | Villager (Male) |
| 22:49 | Crear | Villager (Male) |
| 22:49 | Crear | Villager (Male) |
| 22:50 | Crear | Villager (Male) |
| 22:54 | Investigar | Bow Saw |
| 22:56 | Investigar | Heavy Plow |
| 22:56 | Investigar | Heavy Plow |
| 23:25 | Construir | Stone Wall |
| 23:37 | Construir | Stone Wall |
| 23:54 | Crear | Villager (Male) |
| 24:14 | Construir | Gate |
| 24:41 | Construir | Stone Wall |
| 24:50 | Construir | Stone Wall |
| 24:52 | Crear | Villager (Male) |
| 24:52 | Crear | Villager (Male) |
| 24:53 | Crear | Villager (Male) |
| 24:53 | Crear | Villager (Male) |
| 24:54 | Crear | Villager (Male) |
| 24:54 | Crear | Villager (Male) |
| 24:54 | Crear | Villager (Male) |
| 24:55 | Crear | Villager (Male) |
| 25:17 | Crear | Villager (Male) |
| 25:29 | Construir | Town Center |
| 25:38 | Investigar | Gold Shaft Mining |
| 25:42 | Crear | Villager (Male) |
| 25:43 | Crear | Villager (Male) |
| 25:43 | Crear | Villager (Male) |
| 25:44 | Crear | Villager (Male) |
| 26:00 | Construir | House |
| 26:03 | Construir | House |
| 26:17 | Construir | Stone Wall |
| 26:34 | Construir | House |
| 26:43 | Crear | Villager (Male) |
| 26:43 | Crear | Villager (Male) |
| 26:48 | Crear | Villager (Male) |
| 26:48 | Crear | Villager (Male) |
| 26:48 | Crear | Villager (Male) |
| 26:49 | Crear | Villager (Male) |
| 26:49 | Crear | Villager (Male) |
| 26:50 | Crear | Villager (Male) |
| 26:57 | Construir | Gate |
| 27:02 | Construir | House |
| 27:05 | Construir | House |
| 27:25 | Crear | Villager (Male) |
| 27:26 | Crear | Villager (Male) |
| 27:35 | Construir | Farm |
| 27:36 | Construir | Farm |
| 27:36 | Construir | Farm |
| 27:39 | Construir | Farm |
| 27:40 | Construir | Farm |
| 27:41 | Construir | Farm |
Cronología de la partida
| 7:41 | Cartman Pousse · first_building Barracks |
| 10:36 | cbeck7 · age_up feudal |
| 10:51 | -Nv.~|Annier^^!| · age_up feudal |
| 12:33 | -Nv.~|Annier^^!| · wall_segment Stone Wall x8 |
| 13:20 | Chotis_Tloupro · age_up feudal |
| 13:29 | cbeck7 · first_building Barracks |
| 13:55 | Lyuboslav1 · age_up feudal |
| 14:11 | Chotis_Tloupro · first_building Barracks |
| 14:51 | sotimeyang · age_up feudal |
| 14:53 | -Nv.~|Annier^^!| · wall_segment Stone Wall x12 |
| 14:54 | sotimeyang · first_building Barracks |
| 15:23 | -Nv.~|Annier^^!| · wall_segment Stone Wall x3 |
| 15:24 | Cartman Pousse · age_up feudal |
| 16:26 | cbeck7 · age_up castle |
| 16:44 | Chotis_Tloupro · wall_segment Palisade Wall x9 |
| 16:58 | cbeck7 · first_building Archery Range |
| 16:59 | Chotis_Tloupro · wall_segment Palisade Wall x8 |
| 17:15 | -Nv.~|Annier^^!| · wall_segment Stone Wall x9 |
| 17:32 | -Nv.~|Annier^^!| · wall_segment Stone Wall x13 |
| 19:14 | Chotis_Tloupro · wall_segment Palisade Wall x3 |
| 19:15 | Chotis_Tloupro · wall_segment Palisade Wall x1 |
| 19:56 | Cartman Pousse · wall_segment Stone Wall x16 |
| 20:05 | Cartman Pousse · wall_segment Stone Wall x19 |
| 20:22 | Cartman Pousse · first_building Archery Range |
| 20:23 | Chotis_Tloupro · wall_segment Palisade Wall x2 |
| 20:26 | Chotis_Tloupro · wall_segment Palisade Wall x2 |
| 20:28 | Cartman Pousse · first_building Stable |
| 21:31 | Lyuboslav1 · first_building Barracks |
| 21:54 | -Nv.~|Annier^^!| · age_up castle |
| 21:58 | -Nv.~|Annier^^!| · first_building Monastery |
| 22:42 | cbeck7 · first_building Castle |
| 22:44 | Lyuboslav1 · first_building Stable |
| 22:44 | -Nv.~|Annier^^!| · wall_segment Stone Wall x3 |
| 23:02 | Lyuboslav1 · age_up castle |
| 23:22 | Chotis_Tloupro · first_building Archery Range |
| 23:25 | -Nv.~|Annier^^!| · wall_segment Stone Wall x12 |
| 23:37 | -Nv.~|Annier^^!| · wall_segment Stone Wall x8 |
| 24:01 | Lyuboslav1 · first_building Archery Range |
| 24:36 | cbeck7 · first_building Siege Workshop |
| 24:41 | -Nv.~|Annier^^!| · wall_segment Stone Wall x6 |
| 24:49 | Cartman Pousse · wall_segment Stone Wall x6 |
| 24:50 | -Nv.~|Annier^^!| · wall_segment Stone Wall x9 |
| 25:32 | Lyuboslav1 · first_building Krepost |
| 26:17 | -Nv.~|Annier^^!| · wall_segment Stone Wall x13 |
| 27:16 | Cartman Pousse · wall_segment Stone Wall x14 |
| 27:18 | sotimeyang · age_up castle |
| 27:22 | Lyuboslav1 · first_building Monastery |
| 27:28 | Cartman Pousse · wall_segment Stone Wall x5 |
| 27:39 | Cartman Pousse · wall_segment Stone Wall x21 |
| 28:05 | Chotis_Tloupro · first_building Stable |
| 28:38 | Cartman Pousse · age_up castle |
| 28:51 | Lyuboslav1 · first_building Castle |
| 29:23 | -Nv.~|Annier^^!| · wall_segment Stone Wall x12 |
| 29:43 | sotimeyang · first_building Castle |
| 30:29 | Cartman Pousse · first_building Castle |
| 31:04 | cbeck7 · age_up imperial |
| 31:27 | Chotis_Tloupro · age_up castle |
| 32:14 | Lyuboslav1 · first_market_sell 100 food |
| 32:50 | Chotis_Tloupro · first_building Castle |
| 32:50 | Cartman Pousse · first_building Siege Workshop |
| 33:25 | -Nv.~|Annier^^!| · age_up imperial |
| 33:42 | Lyuboslav1 · age_up imperial |
| 34:55 | Cartman Pousse · first_building Monastery |
| 36:11 | -Nv.~|Annier^^!| · first_building Barracks |
| 36:30 | sotimeyang · age_up imperial |
| 37:04 | Cartman Pousse · age_up imperial |
| 37:29 | -Nv.~|Annier^^!| · first_building Stable |
| 38:08 | Chotis_Tloupro · first_market_sell 100 wood |
| 38:17 | Chotis_Tloupro · first_market_buy 100 food |
| 40:19 | -Nv.~|Annier^^!| · first_building Siege Workshop |
| 40:28 | Chotis_Tloupro · age_up imperial |
| 41:22 | -Nv.~|Annier^^!| · first_building Castle |
| 54:10 | Chotis_Tloupro · first_building Siege Workshop |
| 60:33 | Lyuboslav1 · first_building Siege Workshop |
| 64:05 | sotimeyang · first_market_sell 100 wood |
| 65:51 | sotimeyang · first_market_buy 100 food |
| 68:15 | Lyuboslav1 · resign |
[ ANÁLISIS IA · 1 CRÉDITO ]
¿Qué pasó realmente en esta partida?
Wolo.gg analiza cada decisión: build order, eco, micro, errores típicos por bracket. Análisis personalizado por WhatsApp o Discord en 30 segundos.
Guía civ
Chinos
Guía mapa
Oasis
Perfil
Jugador #1925823